 Dungeon Crawl Stone Soup version 0.26-a0-639-g72c4674329 (webtiles) character file.

Game seed: 12122020052879686715

8 Iflex the Poker (level 2, 25/25 HPs)
             Began as a Minotaur Gladiator on Sept 25, 2020.
             Quit the game on level 1 of the Dungeon.
             The game lasted 00:02:25 (188 turns).

Iflex the Poker (Minotaur Gladiator)                 Turns: 188, Time: 00:02:26

Health: 25/25      AC:  3    Str: 18    XL:     2   Next: 0%
Magic:  1/1        EV: 13    Int:  5    God:
Gold:   47         SH:  0    Dex: 11    Spells: 1/1 levels left

rFire    . . .     SeeInvis .   a - +0 trident
rCold    . . .     Faith    .   (no shield)
rNeg     . . .     Spirit   .   b - +0 leather armour
rPois    .         Reflect  .   c - +0 hat
rElec    .         Harm     .   (no cloak)
rCorr    .         Rampage  .   (no gloves)
MR       .....                  (no boots)
Stlth    +.........             (no amulet)
HPRegen  0.08/turn              (no ring)
MPRegen  0.07/turn              (no ring)

@: no status effects
A: retaliatory headbutt, horns 2
a: no special abilities


You were on level 1 of the Dungeon.
You visited 1 branch of the dungeon, and saw 1 of its levels.

You collected 47 gold pieces.

Inventory:

Hand Weapons
 a - a +0 trident (weapon)
Missiles
 d - 3 throwing nets (quivered)
Armour
 b - a +0 leather armour (worn)
 c - a +0 hat (worn)
Scrolls
 e - a scroll of amnesia {unknown}
 f - a scroll of teleportation {unknown}
 j - a scroll of identify {unknown}
Potions
 g - 2 potions of invisibility {unknown}
 h - a potion of curing {unknown}
 i - a potion of flight {unknown}
 k - a potion of might {unknown}


   Skills:
 + Level 2.5 Fighting
 + Level 3.9 Polearms
 - Level 2.0 Throwing
 + Level 3.6 Dodging


You had one spell level left.
You didn't know any spells.
Your spell library was empty.

Dungeon Overview and Level Annotations

Branches:
Dungeon (1/15)

Altars:


Innate Abilities, Weirdness & Mutations

You reflexively headbutt those who attack you in melee.
You have a pair of horns on your head.


Message History

You hit the jackal.
You kill the jackal!
You have reached level 2!
Your library has no spells.
There's nothing to close nearby.
Unknown command.
There's nothing to close nearby.
Unknown command.
There are monsters nearby!
You are not religious.
There are monsters nearby!
Your library has no spells.
Unknown command.
Enter note: help Unknown command.
Unknown command.
Unknown command.
Quiver which item? (- for none, * to show all) (? for menu, Esc to quit)
Okay, then.
Are you sure you want to abandon this character and quit the game? (Confirm with "yes".)

.... #h..## ..#..#. ..
h###... ##.. ..#.... .....
##...[... #.... #!.h.....
#.#..# ###@#.....>
#.....###...#......
####.......##.......
.........####.#...#
#...........#....##
..........(.......#
#.............##..# ###
#......#..........# .##..
#.............##..####..#.#.#


You could see 3 jackals.

Vanquished Creatures
  A giant cockroach (D:1)
  2 hobgoblins (D:1)
  A jackal (D:1)
  2 bats (D:1)
  2 rats (D:1)
8 creatures vanquished.

Notes
Turn   | Place    | Note
-------+----------+-------------------------------------------
     0 | D:1      | Iflex the Minotaur Gladiator began the quest for the Orb.
     0 | D:1      | Reached XP level 1. HP: 18/18 MP: 0/0
   187 | D:1      | Reached XP level 2. HP: 25/25 MP: 1/1
   188 | D:1      | help
   188 | D:1      | Quit the game

Illustrated notes

.... #h..## ..#..#. ..
h###... ##.. ..#.... .....
##...[... #.... #!.h.....
#.#..# ###@#.....>
#.....###...#......
####.......##.......
.........####.#...#
#...........#....##
..........(.......#
#.............##..# ###
#......#..........# .##..
#.............##..####..#.#.#


Turn 188 on D:1: help

Levels and vault maps discovered:
D:1:      minmay_arrival_nine_rooms, layout_rooms, minmay_strange_pillars

Action                   || total
-------------------------++-------
Melee: Trident           ||    16
       Headbutt          ||     2
Armor: Leather armour    ||     3
Dodge: Dodged            ||     6

Table legend: (Time is in decaauts)
 A = Elapsed time spent in this place.
 B = Non-inter-level travel time spent in this place.
 C = Inter-level travel time spent in this place.
 D = Time resting spent in this place.
 E = Time spent auto-exploring this place.
 F = Levels seen in this place.
 G = Mean time per level.
                   A        B        C        D        E       F      G
               +--------+--------+--------+--------+--------+-----+--------+
         Total |    190 |    190 |      0 |      0 |    147 |   1 |  190.0 |
       Dungeon |    190 |    190 |      0 |      0 |    147 |   1 |  190.0 |
               +--------+--------+--------+--------+--------+-----+--------+

Top non-repeatable levels by time:
     D:1: 190 daAuts
